Cogmind - Beta 15 @@@ ROGUE MODE // 2025.10.09 @ 16:45:48 Player: Sooty Result: Destroyed by D-53 Grenadier with Mini Grenade Launcher Performance ------------- Evolutions (1) 500 Regions Visited (3) 600 Robots Destroyed (44) 220 Value Destroyed (945) 945 Prototype IDs (3) 60 Alien Tech Used (0) 0 Bonus (0) 0 TOTAL SCORE: 2325 Bonus ------- None Cogmind --------- Core Integrity 0/400 Matter 293/300 Energy 100/100 System Corruption 0% Temperature Cool (0) Movement Rolling (80) Location -9/Mines Parts ------- > --- POWER (2) -------- (None) > --- PROPULSION (2) --- Wheel Wheel > --- UTILITY (3) ------ Medium Storage Unit Visual Processing Unit Improved Targeting Computer > --- WEAPON (2) ------- Improved Assault Rifle Improved Assault Rifle > --- INVENTORY (10) --- Light Ion Engine Heavy Ion Engine Aluminum Leg Improved Heat Sink Hardened Light Armor Plating Shield Generator Improved EM Shotgun Shotgun Peak State ------------ > --- POWER ------------ Light Ion Engine Heavy Ion Engine > --- PROPULSION ------- Flight Unit Flight Unit > --- UTILITY ---------- Medium Storage Unit Visual Processing Unit Improved Targeting Computer > --- WEAPON ----------- Improved EM Shotgun Improved Assault Rifle > --- INVENTORY -------- Improved Heat Sink [Rating: 17] Favorites ----------- Power Light Ion Engine Engine Light Ion Engine Power Core Light Nuclear Core Propulsion Aluminum Leg Treads Light Treads Leg Aluminum Leg Wheel Wheel Flight Unit Flight Unit Utility Visual Processing Unit Storage Medium Storage Unit Processor Visual Processing Unit Protection Light Armor Plating Weapon Assault Rifle Energy Gun Medium Laser Ballistic Gun Assault Rifle Ballistic Cannon Light Cannon Build | -11 -10 -9 -9 ------- Run | Yrd Mat Mat Min Slots Evolved 2 | . . 2 . Power 1 | . . 1 . Propulsion . | . . . . Utility 1 | . . 1 . Weapon . | . . . . Parts Attached 38 | 4 13 21 . Power 7 | 1 1 5 . Engine 6 | 1 1 4 . Core 1 | . . 1 . Reactor . | . . . . Propulsion 14 | 2 4 8 . Treads 2 | . . 2 . Leg 4 | . 2 2 . Wheel 6 | 2 2 2 . Hover . | . . . . Flight 2 | . . 2 . Utility 7 | . 5 2 . Device . | . . . . Storage 3 | . 3 . . Processor 3 | . 1 2 . Hackware . | . . . . Protection 1 | . 1 . . Artifact . | . . . . Weapon 10 | 1 3 6 . Energy Gun 2 | . 1 1 . Energy Cannon . | . . . . Ballistic Gun 7 | 1 2 4 . Ballistic Cannon 1 | . . 1 . Launcher . | . . . . Special Weapon . | . . . . Impact Weapon . | . . . . Slashing Weapon . | . . . . Piercing Weapon . | . . . . Special Melee Weapon . | . . . . Unidentified Prototypes 2 | . . 2 . Parts Lost 15 | . 4 10 1 Power 3 | . . 2 1 Propulsion 7 | . 2 5 . Utility 1 | . 1 . . Weapon 4 | . 1 3 . Highest Loss Streak 6 | . 1 6 1 To Critical Strikes . | . . . . Average Backups 4 | 1 3 4 6 Power . | . 1 . 1 Propulsion 1 | . . 1 1 Utility 1 | . 1 1 2 Weapon 1 | . . 1 1 Tool/Special . | . . . . Unused Backups 6 | . 1 . 5 Power 1 | . . . 1 Propulsion . | . . . . Utility 4 | . 1 . 3 Weapon 1 | . . . 1 Tool/Special . | . . . . Average Slot Usage (%) 82 | . 81 83 88 Engine 10 | . 14 6 11 Core 2 | . . 4 . Leg 9 | . 6 14 . Wheel 12 | . 18 3 22 Storage 10 | . 10 10 11 Processor 13 | . 2 22 22 Protection 1 | . 2 . . Energy Gun 7 | . 8 7 . Ballistic Gun 14 | . 15 11 22 Peak Build Rating 17 | 4 9 17 15 Average Rating 10 | 2 6 13 14 On Entrance 7 | . 4 9 15 Naked Turns . | . . . . Heaviest Build 27 | 5 17 27 19 Greatest Support 40 | 20 32 40 20 Greatest Overweight (x) 8 | . . 8 . Average Overweight (x) . | . . . . Largest Inventory Capacity 25 | 5 25 10 10 Average Capacity 8 | 5 7 9 10 Most Carried 8 | 2 7 6 8 Average Carried 4 | 1 3 4 6 Final Capacity 10 | 5 10 10 10 Final Carried 8 | 2 7 4 8 Class Distribution -------------------- 82% | Mutant 17% | Scavenger-Mutant Dominant Class ---------------- Mutant | -10/Materials Mutant | -9/Materials Scavenger-Mutant | -9/Mines Resources | -11 -10 -9 -9 ----------- Run | Yrd Mat Mat Min Matter Collected 1139 | 217 350 490 82 Remotely . | . . . . Salvage Created 1663 | . 639 975 49 Parts 101 | . 36 57 8 Haulers Intercepted 3 | . 1 2 . Recyclers Shooed 4 | . 3 1 . Parts Field Recycled . | . . . . Retrieved Matter . | . . . . Parts Self-Destructed . | . . . . Prevented . | . . . . Kills | -11 -10 -9 -9 ------- Run | Yrd Mat Mat Min Combat Hostiles Destroyed 28 | . 8 16 4 Guns 26 | . 8 14 4 Cannons 2 | . . 2 . Classes Destroyed 10 | . 7 3 . Worker 3 | . 1 2 . Builder 2 | . 1 1 . Tunneler 2 | . 2 . . Hauler 3 | . 1 2 . Recycler 4 | . 2 2 . Watcher 2 | . 1 1 . Swarmer 8 | . . 4 4 Grunt 15 | . 8 7 . Duelist 1 | . . 1 . Sentry 4 | . . 4 . Best Kill Streak 9 | . 5 9 4 Combat Bots Only 8 | . 3 8 4 Max Kills in Single Turn 2 | . 1 2 1 Gunslinging . | . . . . Exploded . | . . . . Melee . | . . . . Uniques/NPCs Destroyed . | . . . . Combat | -11 -10 -9 -9 -------- Run | Yrd Mat Mat Min Hostile Shots Fired 246 | . 56 165 25 Missed 60 | . 16 37 7 Hits 186 | . 40 128 18 Melee 6 | . . 6 . Projectile 180 | . 40 122 18 AOE 7 | . . . 7 Critical Strikes 5 | . . 5 . Damage Taken 2599 | . 541 1671 387 Core 551 | . 102 293 156 Absorbed by Shields . | . . . . Core Remaining (%) 79 | 100 59 . . Volleys Fired 136 | . 62 65 9 Largest 2 | . 2 2 2 Hottest 75 | . 70 75 46 Shots Fired 244 | . 112 114 18 Gun 221 | . 112 91 18 Cannon 23 | . . 23 . Launcher . | . . . . Special . | . . . . Kinetic 188 | . 81 89 18 Thermal 38 | . 31 7 . Explosive . | . . . . Electromagnetic 18 | . . 18 . Robot Hit Streak 26 | . 10 26 6 Robot Miss Streak 5 | . 5 4 2 Penetration Max . | . . . . Secondary Targets 4 | . . 2 2 Max Gunslinging Chain 1 | . . 1 1 Shots Hit Robots 173 | . 73 88 12 Core Hits 75 | . 29 40 6 Critical Kills . | . . . . Critical Parts Destroyed 2 | . 2 . . Critical Strikes 5 | . 3 2 . Burn 2 | . 1 1 . Destroy 2 | . 2 . . Blast 1 | . . 1 . Melee Attacks . | . . . . Impact . | . . . . Slashing . | . . . . Piercing . | . . . . Sneak Attacks . | . . . . Combat Hostiles . | . . . . Follow-up Attacks . | . . . . Damage Inflicted 2561 | . 980 1404 177 Guns 2204 | . 928 1099 177 Cannons 249 | . . 249 . Explosions 42 | . . 42 . Melee . | . . . . Ramming 66 | . 52 14 . Kinetic 1851 | . 666 1008 177 Thermal 392 | . 262 130 . Explosive . | . . . . Electromagnetic 252 | . . 252 . Impact . | . . . . Slashing . | . . . . Piercing . | . . . . Highest Corruption . | . . . . Average Corruption . | . . . . Corruption Purged . | . . . . Corruption Blocked . | . . . . Overload Shots . | . . . . Overflow Damage . | . . . . Projectiles . | . . . . Explosions . | . . . . Melee . | . . . . Knockbacks 3 | . . 3 . Impact . | . . . . Kinetic 3 | . . 3 . Secondary . | . . . . Self-Inflicted Damage 24 | . 24 . . Shots . | . . . . Rammed 8 | . 8 . . Targets Rammed 12 | . 9 3 . Kicked 4 | . 1 3 . Crushed . | . . . . Highest Temperature 344 | . 344 72 . Average Temperature 65 | . 101 20 . Received Heat Transfer 816 | . 288 528 . Effects 1 | . 1 . . Energy Bleed 1 | . 1 . . Siege Activations . | . . . . Martial Activations . | . . . . Shielding Activations . | . . . . Robots Disrupted . | . . . . Combat Hostiles . | . . . . Robots Corrupted . | . . . . Combat Hostiles . | . . . . Parts Fried 1 | . . 1 . Impact Corruptions . | . . . . Robots Melted . | . . . . Combat Hostiles . | . . . . Parts Melted 1 | . . 1 . Heat Transferred 1234 | . 851 383 . Parts Sabotaged . | . . . . Parts Stolen . | . . . . Parts Stripped . | . . . . Power Chain Reactions 1 | . . 1 . Alert | -11 -10 -9 -9 ------- Run | Yrd Mat Mat Min Maximum Alert Level . | . . . . Low Security (%) 100 | 100 100 100 100 Level 1 . | . . . . Level 2 . | . . . . Level 3 . | . . . . Level 4 . | . . . . Level 5 . | . . . . High Security . | . . . . Max Security . | . . . . Peak Influence 131 | . 100 131 127 Initial 37 | . . . 37 Average 47 | . 32 56 75 Influence Increases 804 | . 276 438 90 Destroy 0b10 Robot/C 560 | . 160 320 80 Destroy 0b10 Robot/NC 80 | . 40 40 . Destroy Leader 130 | . 44 76 10 Destroy Structure 4 | . 2 2 . Lose Combat Pursuer 30 | . 30 . . Influence Decreases 787 | . 276 340 171 Entered New Map 61 | . . . 61 Time Decay 614 | . 236 278 100 Lost Part 112 | . 40 62 10 Squads Dispatched 4 | . 2 2 . Investigation 2 | . 1 1 . Extermination . | . . . . Reinforcement 2 | . 1 1 . Assault . | . . . . Garrison . | . . . . Intercept . | . . . . Searches Triggered . | . . . . Construction Impeded . | . . . . Haulers Reinforced . | . . . . Active Scanning Responses . | . . . . Cargo Convoy Interrupts . | . . . . Stealth | -11 -10 -9 -9 --------- Run | Yrd Mat Mat Min Distress Signals 6 | . 3 3 . Communications Jammed . | . . . . Distress Signals . | . . . . Times Spotted 47 | . 22 20 5 Peak Tracking Total 8 | . 5 8 3 Tactical Retreats 2 | . 2 . . Traps | -11 -10 -9 -9 ------- Run | Yrd Mat Mat Min Traps Triggered 1 | . . 1 . Indirectly . | . . . . Trap Hack Attempts . | . . . . Triggered . | . . . . Disarmed . | . . . . Reprogrammed . | . . . . Reused . | . . . . Traps Extracted . | . . . . Installed . | . . . . Triggered . | . . . . Machines | -11 -10 -9 -9 ---------- Run | Yrd Mat Mat Min Machines Disabled 1 | . 1 . . Max in Single Turn 1 | . 1 . . Machines Repaired . | . . . . Machines Dismantled . | . . . . Machines Sabotaged . | . . . . Overloaded Fab Kills . | . . . . Hacking | -11 -10 -9 -9 --------- Run | Yrd Mat Mat Min Machines Accessed 5 | . 2 3 . Terminals 4 | . 1 3 . Fabricators . | . . . . Repair Stations . | . . . . Recycling Units 1 | . 1 . . Scanalyzers . | . . . . Garrison Access . | . . . . Total Hacks 12 | . 5 7 . Successful 6 | . 3 3 . Failed 6 | . 2 4 . Catastrophic 1 | . . 1 . Database Lockouts . | . . . . Manual . | . . . . Terminals 10 | . 3 7 . Fabricators . | . . . . Repair Stations . | . . . . Recycling Units 2 | . 2 . . Scanalyzers . | . . . . Garrison Access . | . . . . Terminal Hacks 5 | . 2 3 . Record 2 | . 1 1 . Prototype ID Bank 1 | . . 1 . Locate Traps 2 | . 1 1 . Fabricator Hacks . | . . . . Repair Station Hacks . | . . . . Recycling Unit Hacks 1 | . 1 . . Process 1 | . 1 . . Scanalyzer . | . . . . Garrison Access Hacks . | . . . . Unauthorized Hacks . | . . . . Terminals . | . . . . Fabricators . | . . . . Repair Stations . | . . . . Recycling Units . | . . . . Scanalyzers . | . . . . Garrison Access . | . . . . Data Cores Recovered . | . . . . Used . | . . . . Hacking Detections 5 | . 2 3 . Full Trace Events 2 | . 1 1 . Feedback Events . | . . . . Feedback Blocked . | . . . . Robot Schematics Acquired . | . . . . Robots Built . | . . . . Authchips . | . . . . Time . | . . . . Total Robot Build Rating . | . . . . Part Schematics Acquired . | . . . . Parts Built . | . . . . Authchips . | . . . . Time . | . . . . Total Part Build Rating . | . . . . Parts Repaired . | . . . . Time . | . . . . Parts Recycled . | . . . . Recycled Matter 20 | . 20 . . Retrieved Matter . | . . . . Retrieved Components . | . . . . Parts Scanalyzed . | . . . . Part Schematics Acquired . | . . . . Parts Damaged . | . . . . Bothacking | -11 -10 -9 -9 ------------ Run | Yrd Mat Mat Min Used RIF Installer . | . . . . Robots Hacked . | . . . . Non-combat . | . . . . Combat . | . . . . Robot Hacks Applied . | . . . . Relay Couplers Released . | . . . . Fabnet Peak Effective % . | . . . . Robots Rewired . | . . . . Allies Hacked . | . . . . Hacks Repelled . | . . . . Allies | -11 -10 -9 -9 -------- Run | Yrd Mat Mat Min Total Allies . | . . . . Largest Group . | . . . . Highest-Rated Group . | . . . . Highest-Rated Ally . | . . . . Total Orders . | . . . . Ally Attacks . | . . . . Total Damage . | . . . . Kills . | . . . . Allies Corrupted . | . . . . Allies Melted . | . . . . Intel | -11 -10 -9 -9 ------- Run | Yrd Mat Mat Min Active Infowar (turns) 1100 | . 152 739 209 Optics 1100 | . 152 739 209 Robot Analysis Total . | . . . . Derelict Logs Recovered 1 | . . . 1 Drone Launches . | . . . . Drone Recoveries . | . . . . Exploration | -11 -10 -9 -9 ------------- Run | Yrd Mat Mat Min Turns Passed 1733 | 47 738 739 209 Spaces Moved 1094 | 39 526 305 224 Core 15 | 6 . 9 . Treads 5 | . . 5 . Legs 352 | . 132 220 . Wheels 721 | 33 394 70 224 Hover . | . . . . Flight 1 | . . 1 . Fastest Speed 50 | 50 80 80 80 Average Speed 109 | 75 96 159 80 Slowest Speed 520 | 80 120 520 80 Overloaded Moves . | . . . . Propulsion Burnouts . | . . . . Robots Hopped . | . . . . Potential Cave-ins . | . . . . Cave-ins Triggered . | . . . . Exploration Rate (%) 37 | 4 67 26 54 Regions Visited 3 Branch Regions 1 Pre-discovered Areas . | . . . . Known Exits Taken . | . . . . Unknown Exits Taken 3 | 1 1 1 . Scrap Searched 2 | . . . 2 Spaces Dug . | . . . . Terrain Destroyed 2 | . . 2 . Melee . | . . . . Projectile . | . . . . AOE 2 | . . 2 . Terrain Rammed . | . . . . Walls Destroyed . | . . . . Machines Disabled . | . . . . Actions | -11 -10 -9 -9 --------- Run | Yrd Mat Mat Min Total 1386 | 56 647 446 237 Wait 34 | 8 15 11 . Move 1091 | 38 525 304 224 Hop . | . . . . Pick Up 47 | 6 17 20 4 Fast Attach . | . . . . Attach 39 | 4 9 26 . Detach 5 | . 1 4 . Swap 8 | . 4 4 . Drop 14 | . 5 9 . Fire 136 | . 62 65 9 Melee . | . . . . Ram 8 | . 8 . . Kick 4 | . 1 3 . Crush . | . . . . Escape Stasis . | . . . . Rewire . | . . . . Trap . | . . . . Miscellaneous . | . . . . Route ------- -11/Scrapyard -10/Materials (discovered 3 exits: *Mat x2 / [*Min]) -9/Materials (discovered 2 exits: [*Mat] / [*Min]) -9/Mines (discovered 2 exits: [*Mat x2]) History --------- Turn | Location | Event 24 | -11/Scrapyard | Discovered new exit (range 16) 48 | -11/Scrapyard | Entered Materials 205 | -10/Materials | Discovered new exit (range 7) 327 | -10/Materials | Build established: Mutant 463 | -10/Materials | Discovered new exit (range 8) 580 | -10/Materials | Discovered new exit (range 12) 786 | -10/Materials | Entered another Materials area 786 | -9/Materials | Evolved 2 slots: Power x1, Utility x1 836 | -9/Materials | Discovered new exit (range 15) 1070 | -9/Materials | Discovered new exit (range 18) 1336 | -9/Materials | Core integrity fell below 50% 1431 | -9/Materials | Destroyed 8 combat bots 1435 | -9/Materials | Lost 6 parts (4n2w) 1525 | -9/Materials | Entered Mines 1534 | -9/Mines | Core integrity fell below 20% 1617 | -9/Mines | Learned Materials garrison access intel 1619 | -9/Mines | Discovered new exit (range 6) 1650 | -9/Mines | Discovered new exit (range 13) 1710 | -9/Mines | Assembled infested the area 1730 | -9/Mines | Build established: Scavenger-Mutant 1734 | -9/Mines | Destroyed by D-53 Grenadier with Mini Grenade Launcher Last Messages --------------- 01606_ Found 54 Matter. 01607_ Acquired 54 matter. 01608_ Acquired Hrd. Light Armor Plating. 01610_ Acquired Shield Generator. 01617_ Acquired derelict log, extracted data. Data stored: Materials garrison access intel. 01619_ EXIT=FOUND 01656_ K-01 Serf collects debris. 01670_ Searching scrap... 01670_ Found Shotgun. 01670_ Found 47 Matter. 01671_ Acquired Shotgun. 01672_ Acquired 13 matter. 01710_ ALERT: Infestation in the mines, dispatching Demolisher response squad. 01728_ C-30 ARC bursts open, deploying its payload. 01728_ D-53 Grenadier unfolds itself. 01733_ The unstable cave ceiling collapses. 01733_ Lgt. Ion Engine destroyed. Map ----- +----------------------------------------------------+ | | | | | | | ?????????????????????????????????????????????????? | | ?????????????????????????????????????????????????? | | ??????????????????????????????????????####???????? | | ?????????????????????????????????????## ##?????? | | ?????????????????????????????????????? ##????? | | ??????????????????????????????????????? ##???? | | ???????????????????????????????????????? ###?? | | ???????????????????????????????########?# ##? | | ???????????????????????????????# #?# #? | | ???????????????????????????????# ### #? | | ?????????????##????????????????# ## ## < #?? | | ????????????? ??###???????????# %## #??? | | ?????????????# #?# #####??????# ## """ #??? | | ?????????????# #?# ##?????# # """ ##?## | | ?????????????# #?# #?????# #### """ #?## | | ?????????????# #??# ??????# #??## """ #?# | | ?????????????# #???# #??????# #???# #?# | | ?????????????# #??## #####??# #???# ##?# | | ???????????### #### #### #???# ##?# | | ???????????# ## #???# #?## | | ??????????## %d #???## #### | | ?????#???## d #????## ## | | ??#### ### @ ###?????## | | t # ###??????## | | ???????## ##??????## | | ????????## ## #???????## | | ????????## ###### ##????????## | | ????????# #????## ######??????????## | | ???????# ## #????## ##????????????????# | | ??????# ??## #????#####?????????????????## | | ???? ????# #??????????????????#????????## | | ???# ??????## #?????????????????## ??????### | | ???# ????????## ##?????????????##### ?????# | | ???# ??????????####?????????????## ##### | | ????????????????????????????????# | | ??????????????????????????????# ## # | | ???????????????????????????????????????###### # | | ????????????????????????????????????????????# # | | ??????????????????????????????????????????### #### | | ?????????????????????????????????????????## ### | | ????????????????????????????????????????## | | ???????????????????????????????????????## | | ??????????????????????????????????????## #### | | ??????????????????????????????????????# ##?? | | ??????????????????????????????????????# ##? | | ??????????????????????????????????????# #? | | ??????????????????????????????????????## #? | +----------------------------------------------------+ Best States ------------- Heat Dissipation 28 Energy Generation 19 Energy Capacity 305 Matter Stores 300 Matter Capacity 300 Sight Range 18 Terrain Scan Density 10 Armor Coverage 150 Evasion (%) 55 Targeting Accuracy 6 Recoil Reduction 2 Item Schematics ----------------- None Robot Schematics ------------------ None Fabricated ------------ Nothing Repaired ---------- Nothing Alien Tech Used ----------------- None Achievements -------------- None Challenges ------------ None Game ------ Seed SegregatorProjectionInverter Manual? 0 Play Time 00:31:02 Cumulative 19.7 hours Start 2025.10.09 @ 16:08:16 End 2025.10.09 @ 16:45:48 Sessions 1 Manual Loads 0 Difficulty Rogue Special Mode None Game No. 22 Rogue 22 Adventurer 0 Explorer 0 Win Type - Total 0 Types 0/0/0/0/0/0/0/0/0/0 Lore% 11 Gallery% 20 Achievement% 19 Wizard Run 0 Options --------- Layout 1 ASCII 0 Keyboard 0 Movement Mouse Keybinds 0 Fullscreen 1 Font 24/Terminus Map View 50x35 Zoom Use 0% Tactical HUD 1 Map Filters NONE Filters NONE Steam 1 RUN: 67cbcbf2-5faf-4888-949f-5d72dcb9dee3